 Dungeon Crawl Stone Soup version 0.27.0-1-g7a089689b8 (webtiles) character file.

Game seed: 1887720487804572437

243819 gimp the Bludgeoner (level 18, -5/142 (166) HPs)
             Began as a Troll Fire Elementalist on Aug 9, 2021.
             Was a High Priest of Hepliaklqana.
             Slain by a saltling (13 damage)
             ... summoned by a halazid warlock
             ... in the Desolation of Salt.
             The game lasted 02:13:15 (34413 turns).

gimp the Bludgeoner (Troll Fire Elementalist)      Turns: 34413, Time: 02:13:16

HP:   -5/142 (166)  AC: 14    Str: 25    XL:     18   Next: 71%
MP:   16/26         EV: 17    Int: 11    God:    Hepliaklqana [*****.]
Gold: 1279          SH: 14    Dex: 16    Spells: 19/19 levels left

rFire    + + .     SeeInvis .   a - +5 morningstar (flame)
rCold    + + .     Faith    .   k - +2 shield of Resistance {rF++ rC++ Will++}
rNeg     + . .     Spirit   .   h - +2 robe of Vines {NoPotionHeal Regen+++}
rPois    +         Reflect  .   m - +1 hat
rElec    .         Harm     .   d - +2 cloak {Will+}
rCorr    .         Rampage  .   (gloves unavailable)
Will     ++++.                  (boots unavailable)
Stlth    +.........             F - amulet of regeneration
HPRegen  5.33/turn              o - +4 ring of protection
MPRegen  0.20/turn              P - ring of the Quahog {rPois rN+ Str+4}

@: silenced, heavily drained
A: reduced essence, large, unfitting armour, claws 3, regeneration 1, shaggy fur
1, tough skin 1
}: 2/15 runes: decaying, serpentine
a: Renounce Religion


You were in the Desolation of Salt.
You worshipped Hepliaklqana.
Hepliaklqana was extremely pleased with you.
You visited 7 branches of the dungeon, and saw 33 of its levels.
You also visited: Gauntlet, Ice Cave and Desolation.

You collected 3043 gold pieces.
You spent 1764 gold pieces at shops.

Inventory:

Hand Weapons
 a - a +5 morningstar of flaming (weapon)
 b - a +1 whip of electrocution
 K - a +0 eveningstar of venom
Missiles
 w - 114 poisoned darts
 H - 8 curare-tipped darts (quivered)
 O - 14 javelins
Armour
 d - a +2 cloak of willpower (worn)
 h - the +2 robe of Vines (worn) {NoPotionHeal Regen+++}
   (You found it on level 15 of the Dungeon)

   Its wearer cannot be healed by potions.
   Regen:     It increases your rate of health regeneration.
 k - the +2 shield of Resistance (worn) {rF++ rC++ Will++}
   (You bought it in a shop on level 5 of the Dungeon)

   rF:        It greatly protects you from fire.
   rC:        It greatly protects you from cold.
   Will:      It greatly increases your willpower.
 l - a +0 robe of cold resistance
 m - a +1 hat (worn)
 q - a +2 robe of fire resistance
 D - a scarf of resistance
 R - the +1 robe of Giara {rC+ Will+}
   (You found it in the Desolation of Salt)

   rC:        It protects you from cold.
   Will:      It increases your willpower.
Jewellery
 c - an amulet of guardian spirit
 o - a +4 ring of protection (left claw)
 F - an amulet of regeneration (around neck)
 J - the ring "Icvurucu" {rCorr Int+6}
   (You found it on level 2 of the Lair of Beasts)

   [ring of intelligence]

   Int:       It affects your intelligence (+6).
   rCorr:     It protects you from acid and corrosion.
 M - a ring of protection from cold
 P - the ring of the Quahog (right claw) {rPois rN+ Str+4}
   (You bought it in a shop on level 5 of the Dungeon)

   [ring of positive energy]

   Str:       It affects your strength (+4).
   rPois:     It protects you from poison.
   rN:        It protects you from negative energy.
 T - the ring of Haureske {Fly rC++ Str+6}
   (You found it in the Desolation of Salt)

   [ring of strength]

   Str:       It affects your strength (+6).
   rC:        It greatly protects you from cold.
   Fly:       It grants you flight.
Wands
 f - a wand of digging (9)
 j - a wand of iceblast (18)
 n - a wand of polymorph (40)
 y - a wand of flame (72)
 L - a wand of mindburst (4)
 N - a wand of acid (12)
Scrolls
 e - 6 scrolls of teleportation
 r - 5 scrolls of magic mapping
 t - 3 scrolls of enchant weapon
 u - 2 scrolls of immolation
 v - 4 scrolls of fog
 z - 8 scrolls of identify
 C - a scroll of silence
Potions
 g - 8 potions of curing
 i - 4 potions of heal wounds
 p - 3 potions of mutation
 s - 6 potions of haste
 x - 3 potions of berserk rage
 A - 4 potions of flight
 B - 2 potions of ambrosia
 G - 2 potions of invisibility
 I - 3 potions of might
 Q - 2 potions of resistance
 S - a potion of magic
Miscellaneous
 E - a phial of floods (inert)
 U - a lightning rod (4/4)


   Skills:
 - Level 13.0 Fighting
 - Level 16.0 Maces & Flails
 + Level 14.3 Dodging
 - Level 1.0 Stealth
 - Level 9.0 Shields
 - Level 1.2 Spellcasting
 - Level 0.6 Conjurations
 - Level 2.1 Fire Magic
 + Level 12.4 Invocations
 - Level 7.0 Evocations


You had 19 spell levels left.
You didn't know any spells.
Your spell library contained the following spells:

 Spells                   Type           Power      Damage    Failure   Level
 Foxfire                  Conj/Fire      12%        2x1d4     19%         1
 Shock                    Conj/Air       4%         1d3       28%         1
 Animate Skeleton         Necr           0%         N/A       32%         1
 Corona                   Hex            0%         N/A       32%         1
 Pain                     Necr           0%         1d4       32%         1
 Sandblast                Erth           0%         2d4       32%         1
 Sting                    Tmut/Pois      0%         1d3       32%         1
 Summon Small Mammal      Summ           0%         N/A       32%         1
 Blink                    Tloc           N/A        N/A       43%         2
 Corpse Rot               Necr/Air       N/A        N/A       43%         2
 Ensorcelled Hibernation  Hex/Ice        0%         N/A       43%         2
 Passwall                 Tmut/Erth      0%         N/A       43%         2
 Poisonous Vapours        Pois/Air       0%         N/A       43%         2
 Slow                     Hex            0%         N/A       43%         2
 Conjure Flame            Conj/Fire      3%         6-21      47%         3
 Inner Flame              Hex/Fire       3%         N/A       52%         3
 Ignite Poison            Fire/Tmut/Pois 2%         N/A       56%         3
 Mephitic Cloud           Conj/Pois/Air  1%         N/A       65%         3
 Call Canine Familiar     Summ           0%         N/A       67%         3
 Confusing Touch          Hex            0%         N/A       67%         3
 Frozen Ramparts          Ice            0%         1d2       67%         3
 Gell's Gravitas          Tloc           0%         N/A       67%         3
 Lesser Beckoning         Tloc           0%         N/A       67%         3
 Portal Projectile        Hex/Tloc       0%         N/A       67%         3
 Summon Guardian Golem    Hex/Summ       0%         N/A       67%         3
 Swiftness                Air            0%         N/A       67%         3
 Teleport Other           Tloc           0%         N/A       67%         3
 Tukima's Dance           Hex            0%         N/A       67%         3
 Vampiric Draining        Necr           0%         2d6       67%         3
 Sticky Flame             Conj/Fire      3%         2d3       87%         4
 Airstrike                Air            0%         N/A       97%         4
 Dispel Undead            Necr           0%         3d6       97%         4
 Leda's Liquefaction      Hex/Erth       0%         N/A       97%         4
 Olgreb's Toxic Radiance  Pois           0%         N/A       97%         4
 Petrify                  Tmut/Erth      0%         N/A       97%         4
 Summon Lightning Spire   Summ/Air       0%         N/A       97%         4
 Bolt of Magma            Conj/Fire/Erth 1%         4d4       99%         5
 Fireball                 Conj/Fire      1%         3d3       99%         5
 Agony                    Necr           0%         N/A       100%        5
 Excruciating Wounds      Necr           0%         N/A       100%        5
 Freezing Cloud           Conj/Ice/Air   0%         6-21      100%        5
 Iskenderun's Battlesphe  Conj           2%         2d6       100%        5
 Lee's Rapid Deconstruct  Erth           0%         3d5*      100%        5
 Manifold Assault         Tloc           0%         N/A       100%        5
 Metabolic Englaciation   Hex/Ice        0%         N/A       100%        5
 Summon Forest            Summ/Tloc      0%         N/A       100%        5
 Yara's Violent Unravell  Hex/Tmut       0%         3d3       100%        5
 Conjure Ball Lightning   Conj/Air       0%         3x3d6     100%        6
 Death Channel            Necr           0%         N/A       100%        6
 Eringya's Noxious Bog    Tmut/Pois      0%         N/A       100%        6
 Simulacrum               Ice/Necr       0%         N/A       100%        6
 Starburst                Conj/Fire      1%         8x6d3     100%        6
 Statue Form              Tmut/Erth      0%         N/A       100%        6
 Orb of Destruction       Conj           1%         N/A       100%        7
 Ozocubu's Refrigeration  Ice            0%         4d5       100%        7
 Storm Form               Tmut/Air       0%         N/A       100%        7
 Summon Hydra             Summ           0%         N/A       100%        7
 Ignition                 Fire           2%         3d3       100%        8
 Shatter                  Erth           0%         3d5*      100%        9


Dungeon Overview and Level Annotations

Branches:
Dungeon (15/15)            Temple (1/1) D:4            Lair (6/6) D:8
  Swamp (4/4) Lair:4        Snake (4/4) Lair:4        Slime (0/5) Lair:5
    Orc (2/2) D:10            Elf (0/3) Orc:2        Vaults (1/5) D:14
 Depths (0/5) D:15          IceCv (visited)         Desolation (1/1)
Gauntlet (visited)

Altars:
Ashenzari
Cheibriados
Dithmenos
Elyvilon
Fedhas
Gozag
Hepliaklqana
Kikubaaqudgha
Makhleb
Nemelex Xobeh
Okawaru
Qazlal
Ru
Sif Muna
Trog
Uskayaw
Vehumet
Wu Jian
Xom
Yredelemnul
Zin
The Shining One
Beogh

Shops:
D:5 =[*!   D:11 ((   D:12 *[   D:14 **   Orc:1 *   Orc:2 =[?!(   Snake:1 [
Snake:3 =:=   Snake:4 :

Annotations:
D:4 exclusion: door
D:5 Sigmund
D:11 2 transporters, Kalaber's ghost, journeyman TrBe
Lair:3 2 transporters, Luuwnalu's ghost, journeyman KoHu
Swamp:1 Roxanne
Snake:2 exclusion: 5 doors
Snake:4 1 exclusion


Innate Abilities, Weirdness & Mutations

Your life essence is reduced to manifest your ancestor. (-10% HP)
You are too large for most types of armour.
You have claws for hands.
Your natural rate of healing is unusually fast.
You are covered in fur. (AC +1)
You have tough skin. (AC +1)


Message History

The saltling completely misses you.
You take 14 damage, and have 62/142 hp.
Hepliaklqana grants Zola healing and protection!
Zola is healed somewhat.
The peacekeeper roars a battlecry!
The saltlings go into a battle-frenzy!
The servant of whispers mumbles some strange prayers to its god against you.
The bolt of lightning hits the saltling!!
The saltling is destroyed!
The bolt of lightning hits you!!!
* * * LOW HITPOINT WARNING * * *
The bolt of lightning hits you!!
* * * LOW HITPOINT WARNING * * *
The servant of whispers hits you from afar with a +0 spear.
* * * LOW HITPOINT WARNING * * *
The saltling hits you but does no damage.
Zola hits the saltling with a +0 quarterstaff!
The peacekeeper barely misses you. The peacekeeper completely misses you.
You take 60 damage, and have 2/142 hp.
MASSIVE DAMAGE!!
You now have 16/26 mp.
Okay, then.
Okay, then.
Unknown command.
Unknown command.
Press: ? - help, v - describe, . - travel
Here: a servant of whispers, wielding a +0 quarterstaff and wearing a +0 robe (summoned)
The floor.
Unknown command.
Press: ? - help, v - describe, . - travel
Here: a peacekeeper (thin mist, heavily damaged, summoned)
The floor.
Okay, then.
Okay, then.
Press: ? - help, v - describe, . - travel
Here: a halazid warlock (heavily damaged, lightly drained)
The floor.
Okay, then.
Unknown command.
As you read the scroll of silence, it crumbles to dust.
A profound silence engulfs you. The saltling hits you!
You die...

#########################
##########################
##########################
##########################
..........................
..§.....88#...............
.§.§§..aLaa......§§.#.....
§..§§..8888......§.§#.....
.§.§§8)88@.......§§§......
.§####R8####.....§§§......
#..# #......§§.§§§§. #..#
#.....§§§.§.... .8.8
##...§§§§§§..§.§ ..##.
#....§§.§§§§§.§§ #.. .
#...§§§..§§§§..§ #..
..##..§§§§.§§§§§§.
#.§§§§§§§§§§§§§


You could see the friendly Zola the battlemage (idealised), 3 servants of
whispers, a halazid warlock (drained), a peacekeeper (summoned) and 7 saltlings.

Vanquished Creatures
  A thorn hunter (D:15)
  2 nagarajas
  A fenstrider witch (Swamp:3)
  2 ghouls (Swamp:2)
  An imperial myrmidon (Desolation)
  Nessos (D:14)
  2 bunyips
  Snorg (Orc:1)
  3 eleionomae
  Josephine (D:10)
  A crystal guardian (Desolation)
  2 ragged hierophants (Desolation)
  11 naga warriors
  21 hydras
  A salamander tyrant (Snake:3)
  An ogre mage (D:15)
  A death knight (D:12)
  A servant of whispers (Desolation)
  Harold (D:8)
  5 centaur warriors
  A ghost crab (Swamp:3)
  5 anacondas
  A boulder beetle (D:13)
  2 catoblepae
  6 alligators
  A tengu warrior (D:12)
  Erica (D:7)
  6 two-headed ogres
  6 naga sharpshooters
  4 orc high priests (Orc:2)
  Sonja (D:10)
  6 shock serpents
  4 goliath frogs
  A salamander mystic (Snake:3)
  3 deep trolls (D:14)
  3 sea snakes (Snake:3)
  4 spriggan druids
  2 naga ritualists (Snake:3)
  4 swamp dragons (Swamp:4)
  A bog body (Swamp:1)
  An ironbound convoker (Desolation)
  3 deep elf pyromancers
  2 manticores
  2 orc knights
  4 will-o-the-wisps
  5 mana vipers
  An orc sorcerer (Orc:2)
  2 salamanders
  6 elephants (Lair:6)
  5 ugly things
  4 guardian serpents
  2 cyclopes
  Joseph (Lair:1)
  15 black mambas
  A vault sentinel (Vaults:1)
  7 naga magi
  8 cane toads
  2 gargoyles
  A rime drake (Lair:6)
  2 freezing wraiths
  3 efreet
  7 komodo dragons
  A kobold demonologist (D:12)
  3 entropy weaver simulacra (D:14)
  A tengu conjurer (D:12)
  2 polar bears
  5 trolls
  4 tyrant leeches
  A wind drake (shapeshifter) (D:13)
  14 saltlings
  5 hornets
  15 slime creatures
  2 raiju (Gauntlet)
  A wolf spider simulacrum (D:14)
  12 blink frogs
  A dream sheep (Lair:6)
  7 flying skulls (Gauntlet)
  10 spriggans
  50 yaks
  A human (shapeshifter) (D:13)
  3 wraiths
  A vampire (D:10)
  3 spriggan simulacra
  A steam dragon (D:7)
  11 humans
  7 vampire mosquitoes
  4 wargs
  2 acid dragons
  29 nagas
  8 swamp worms
  6 water moccasins
  19 orc warriors
  9 swamp drakes
  2 alligator simulacra (D:14)
  2 ice beasts
  A sky beast (D:6)
  10 ogres
  6 black bears
  2 necrophages
  4 boggarts (Lair:6)
  22 wolves
  9 centaurs
  3 phantoms
  5 kobold brigands
  11 bullfrogs
  A deep troll simulacrum (D:14)
  A gnoll sergeant (D:10)
  4 scorpions
  A wyvern skeleton (D:6)
  A water moccasin skeleton (D:6)
  12 killer bees
  8 wights
  2 electric eels
  A howler monkey (D:13)
  4 centaur zombies
  12 jellies
  2 hounds
  24 orc priests
  2 bullfrog skeletons
  2 centaur skeletons
  A gnoll shaman (D:8)
  2 hell rats
  2 iguanas
  18 orc wizards
  A howler monkey zombie (D:8)
  Robin (D:4)
  12 gnolls
  5 adders
  A shadow imp (D:8)
  3 white imps
  2 ufetubi
  A worm (D:3)
  3 dart slugs (D:1)
  49 orcs
  6 ball pythons
  11 bats
  7 endoplasms
  A giant cockroach (D:3)
  18 goblins
  8 hobgoblins
  9 jackals
  6 quokkas
  4 frilled lizards
  27 kobolds
  10 rats
  A briar patch (D:15)
807 creatures vanquished.

Vanquished Creatures (collateral kills)
  Vashnia (Snake:2)
  A thorn hunter (Swamp:4)
  A nagaraja (Snake:3)
  A fire giant (D:15)
  An ironbound preserver (D:14)
  A ghoul (Swamp:2)
  3 halazid warlocks (Desolation)
  A minotaur (Gauntlet)
  4 bunyips
  An eleionoma (Swamp:3)
  A yaktaur captain (Vaults:1)
  A great orb of eyes (Vaults:1)
  A ragged hierophant (Desolation)
  13 hydras
  A peacekeeper (Desolation)
  3 servants of whispers (Desolation)
  6 naga warriors
  A rakshasa (D:15)
  A salamander tyrant (Snake:4)
  An ogre mage (D:12)
  A two-headed ogre (D:15)
  3 anacondas
  2 alligators (Swamp:4)
  5 centaur warriors
  Urug (D:11)
  4 naga sharpshooters
  Nergalle (Orc:1)
  A salamander mystic (Snake:2)
  2 deep trolls
  2 spriggan druids (Swamp:4)
  An ironbound convoker (Desolation)
  A wizard (D:13)
  5 swamp dragons
  A naga ritualist (Snake:1)
  3 bog bodies
  An orc knight (D:15)
  A mana viper (Snake:4)
  A slime creature (D:13)
  7 ugly things
  2 cyclopes
  5 guardian serpents
  4 salamanders
  3 elephants (Lair:4)
  A manticore (D:12)
  11 black mambas
  A centaur zombie (D:11)
  4 naga magi
  A gargoyle (D:10)
  5 cane toads
  An unseen horror (D:11)
  2 komodo dragons
  A troll (D:5)
  A tyrant leech (Swamp:4)
  2 polar bears (Lair:6)
  3 hornets
  A bloated husk (Swamp:4)
  A dream sheep (Lair:6)
  12 saltlings (Desolation)
  4 blink frogs
  4 flying skulls (Gauntlet)
  A shadow (D:12)
  5 spriggans
  3 wraiths
  3 basilisks (Lair:4)
  4 vampire mosquitoes
  3 wyverns
  27 yaks
  5 humans (D:14)
  A human (shapeshifter) (D:13)
  2 wargs
  6 swamp worms
  12 nagas
  2 acid dragons (D:11)
  4 water moccasins
  4 swamp drakes
  10 orc warriors
  2 centaurs (Lair:6)
  11 wolves
  5 bullfrogs
  2 electric eels
  3 jellies (Lair:5)
  8 orc priests
  3 hell rats (Lair:5)
  18 orc wizards
  A lightning spire (Gauntlet)
  20 orcs
  An endoplasm (Lair:5)
  5 kobolds
327 creatures vanquished.

Vanquished Creatures (others)
  A spriggan druid (Swamp:4)
  A deep elf pyromancer (D:13)
  A salamander (Snake:3)
  An unseen horror (D:13)
  5 bloated husks
  3 saltlings (Desolation)
  A naga (Snake:3)
  A human (D:8)
  36 battlemagi
  7 ancestors
  10 foxfires
  48 fungi
  104 plants
219 creatures vanquished.

Grand Total: 1353 creatures vanquished

Notes
Turn   | Place    | Note
-------+----------+-------------------------------------------
     0 | D:1      | gimp the Troll Fire Elementalist began the quest for the
                  | Orb.
     0 | D:1      | Reached XP level 1. HP: 16/16 MP: 1/1
   123 | D:1      | Reached XP level 2. HP: 22/24 MP: 2/2
   554 | D:1      | Reached XP level 3. HP: 31/31 MP: 3/3
  1234 | D:2      | Reached XP level 4. HP: 27/39 MP: 4/4
  2083 | D:3      | Found a sacrificial altar of Ru.
  2477 | D:4      | Noticed a phantom
  2494 | D:4      | Killed a phantom
  2495 | D:4      | Reached XP level 5. HP: 30/45 MP: 5/5
  2511 | D:4      | Reached skill level 5 in Dodging
  2518 | D:4      | Noticed a phantom
  2558 | D:3      | Killed a phantom
  2559 | D:3      | Reached XP level 6. HP: 36/53 MP: 6/6
  2699 | D:4      | Found an iron altar of Okawaru.
  3061 | D:4      | Noticed Robin
  3121 | D:4      | Killed Robin
  3383 | D:4      | Found a staircase to the Ecumenical Temple.
  3566 | Temple   | Entered the Ecumenical Temple
  3688 | D:5      | Entered Level 5 of the Dungeon
  3705 | D:5      | Reached XP level 7. HP: 59/59 MP: 7/7
  3889 | D:5      | Found Buck's Distillery.
  3897 | D:5      | Bought a potion of berserk rage for 70 gold pieces
  3910 | D:5      | Found a shimmering altar of Xom.
  3950 | D:5      | Found Fokeonga's Armour Boutique.
  4094 | D:5      | Found Nidac's Jewellery Boutique.
  4191 | D:5      | Found Moroud's General Store.
  4392 | D:5      | Noticed Sigmund
  4420 | D:6      | Found an ornate altar of the Wu Jian Council.
  4641 | D:5      | Reached XP level 8. HP: 67/67 MP: 8/8
  5143 | D:6      | Noticed a troll
  6122 | D:7      | Reached skill level 10 in Dodging
  6122 | D:7      | Reached XP level 9. HP: 47/74 MP: 9/9
  6415 | D:7      | Reached skill level 1 in Maces & Flails
  6434 | D:7      | Reached skill level 2 in Maces & Flails
  6462 | D:7      | Reached skill level 3 in Maces & Flails
  6528 | D:7      | Found a stormy altar of Qazlal.
  6982 | D:7      | Reached skill level 4 in Maces & Flails
  7005 | D:8      | Noticed Erica
  7037 | D:7      | Killed Erica
  7038 | D:7      | Reached skill level 6 in Maces & Flails
  7072 | D:8      | Found a staircase to the Lair.
  7213 | D:8      | Found a shimmering blue altar of Sif Muna.
  7213 | D:8      | Found a hide-covered altar of Uskayaw.
  7341 | D:8      | Reached skill level 7 in Maces & Flails
  7343 | D:8      | Reached XP level 10. HP: 65/81 MP: 10/10
  7364 | D:8      | Noticed Harold
  7523 | D:8      | Killed Harold
  7524 | D:8      | Reached skill level 8 in Maces & Flails
  7581 | D:8      | Found a sparkling altar of Nemelex Xobeh.
  7707 | D:8      | Found an ancient bone altar of Kikubaaqudgha.
  7742 | D:8      | Identified the +5 long sword "Jofytosm" {protect, rElec rC+
                  | Str+3 Int-2}
  7807 | D:8      | Found a hazy altar of Hepliaklqana.
  7813 | D:8      | Became a worshipper of Hepliaklqana the Forgotten
  8062 | D:9      | Reached skill level 9 in Maces & Flails
  8424 | D:8      | Reached skill level 10 in Maces & Flails
  8535 | D:9      | Reached * piety under Hepliaklqana
  8645 | D:9      | Found the +8 glaive of the Guard {elec, spectral, AC+5}
  8940 | D:10     | Entered Level 10 of the Dungeon
  8940 | D:10     | Noticed Sonja
  8946 | D:10     | Killed Sonja
  8947 | D:10     | Reached skill level 11 in Maces & Flails
  8947 | D:10     | Reached XP level 11. HP: 62/79 MP: 11/11
  9082 | D:10     | Noticed Josephine
  9134 | D:10     | Killed Josephine
  9614 | D:10     | Reached skill level 1 in Fighting
  9777 | Lair:1   | Entered Level 1 of the Lair of Beasts
  9915 | Lair:1   | Noticed a four-headed hydra
 10006 | D:8      | Killed a four-headed hydra
 10007 | D:8      | Reached skill level 12 in Maces & Flails
 10007 | D:8      | Reached skill level 1 in Shields
 10452 | Lair:1   | Reached skill level 1 in Invocations
 10487 | Lair:1   | Reached ** piety under Hepliaklqana
 10488 | Lair:1   | Remembered your ancestor Zola as a battlemage
 10562 | Lair:1   | Noticed Joseph
 10572 | Lair:1   | Killed Joseph
 10670 | Lair:1   | Reached XP level 12. HP: 96/98 MP: 12/12
 10700 | Lair:1   | Noticed a seven-headed hydra
 10709 | Lair:1   | Killed a seven-headed hydra
 10861 | Lair:1   | You fall into a shaft and drop 1 floor!
 11046 | Lair:2   | Reached skill level 5 in Fighting
 11161 | Lair:2   | Reached skill level 5 in Shields
 11213 | Lair:2   | Identified the ring "Icvurucu" {rCorr Int+6}
 11420 | Lair:2   | Noticed a five-headed hydra
 11428 | Lair:2   | Killed a five-headed hydra
 11601 | Lair:3   | Noticed a six-headed hydra
 11608 | Lair:3   | Killed a six-headed hydra
 11622 | Lair:3   | Found a gate leading to a gauntlet.
 11634 | Gauntlet | Entered a Gauntlet
 11634 | Gauntlet | Found a transporter.
 11640 | Gauntlet | Noticed a green death
 11656 | Gauntlet | Found a transporter.
 11656 | Gauntlet | Noticed a quicksilver ooze
 11670 | Gauntlet | Found a transporter.
 11674 | Gauntlet | Found a transporter.
 11688 | Gauntlet | Found a transporter.
 11704 | Gauntlet | Found a transporter.
 11708 | Gauntlet | Found a transporter.
 11711 | Gauntlet | Found a transporter.
 11742 | Gauntlet | Found a large runed translucent door.
 11742 | Gauntlet | Found a large runed translucent door.
 11743 | Gauntlet | Found a large runed translucent door.
 11743 | Gauntlet | Found a large runed translucent door.
 11744 | Gauntlet | Found a large runed translucent door.
 11744 | Gauntlet | Found a large runed translucent door.
 11745 | Gauntlet | Found a runed translucent gate.
 11745 | Gauntlet | Found a runed translucent door.
 11746 | Gauntlet | Found a transporter.
 11746 | Gauntlet | Found a runed translucent gate.
 11746 | Gauntlet | Found a large runed translucent door.
 11747 | Gauntlet | Found a runed translucent gate.
 11747 | Gauntlet | Found a runed translucent door.
 11747 | Gauntlet | Found a large runed translucent door.
 11749 | Gauntlet | Found a transporter.
 11753 | Gauntlet | Found a transporter.
 11762 | Gauntlet | Found a large runed translucent door.
 11762 | Gauntlet | Found a large runed translucent door.
 11763 | Gauntlet | Found a large runed translucent door.
 11764 | Gauntlet | Found a large runed translucent door.
 11774 | Gauntlet | Found a large runed translucent door.
 11774 | Gauntlet | Found a large runed translucent door.
 11775 | Gauntlet | Found a large runed translucent door.
 11776 | Gauntlet | Found a large runed translucent door.
 11790 | Gauntlet | Found a transporter.
 12010 | Gauntlet | Identified the ring "Deigei" {Fire Int+2}
 12086 | Gauntlet | Noticed a minotaur
 12090 | Gauntlet | Reached *** piety under Hepliaklqana
 12092 | Gauntlet | Killed a minotaur
 12239 | Lair:3   | Found a transporter.
 12240 | Lair:3   | Noticed a death yak
 12283 | Lair:3   | Found a transporter.
 12286 | Lair:3   | Noticed Luuwnalu's ghost (journeyman KoHu)
 12980 | Lair:4   | Reached **** piety under Hepliaklqana
 13191 | D:5      | Bought the +2 shield of Resistance {rF++ rC++ Will++} for
                  | 843 gold pieces
 13191 | D:5      | Found the +2 shield of Resistance {rF++ rC++ Will++}
 13333 | Lair:4   | Reached XP level 13. HP: 110/110 MP: 15/15
 13385 | Lair:4   | Reached skill level 13 in Maces & Flails
 13679 | Lair:4   | Found a staircase to the Snake Pit.
 13720 | Lair:4   | Found a staircase to the Swamp.
 14444 | Lair:5   | Found a staircase to the Slime Pits.
 14541 | Lair:5   | Identified the +9 dire flail of Hubris {holy, Int+7}
 15417 | Lair:6   | Entered Level 6 of the Lair of Beasts
 15662 | Lair:6   | Reached ***** piety under Hepliaklqana
 15780 | Lair:6   | Reached skill level 14 in Maces & Flails
 16143 | Lair:6   | Reached XP level 14. HP: 104/122 MP: 13/16
 16238 | Lair:6   | Found a broken altar of Ashenzari.
 17253 | D:10     | Found a staircase to the Orcish Mines.
 17434 | D:11     | Found Oninokiv's Weapon Shop.
 17438 | D:11     | Found Kihien's Firing Range.
 17653 | D:11     | Reached skill level 15 in Maces & Flails
 17713 | D:11     | Noticed Urug
 17726 | D:11     | Killed Urug
 17817 | D:11     | Found a transporter.
 17824 | D:11     | Noticed a storm dragon
 17824 | D:11     | Noticed Kalaber's ghost (journeyman TrBe)
 17825 | D:11     | Found a transporter.
 18140 | D:12     | Found Fapitik's Assorted Antiques.
 18226 | D:12     | Found Xunu's Armour Shop.
 18922 | D:5      | Bought the ring of the Quahog {rPois rN+ Str+4} for 514
                  | gold pieces
 19279 | D:12     | Reached skill level 1 in Evocations
 19549 | D:13     | Found a broken altar of Ashenzari.
 19821 | Orc:1    | Entered Level 1 of the Orcish Mines
 20123 | Orc:1    | Found Oloigov's Overcharged Wands.
 20154 | Orc:1    | Noticed Nergalle
 20161 | Orc:1    | Killed Nergalle
 20359 | Orc:2    | Entered Level 2 of the Orcish Mines
 20364 | Orc:2    | Reached skill level 5 in Invocations
 20512 | Orc:2    | Reached XP level 15. HP: 131/131 MP: 17/17
 20518 | Orc:2    | Found Kublonuone's Magic Scroll Shop.
 20518 | Orc:2    | Found Izuewn's Distillery.
 20548 | Orc:2    | Found Nischeteg's Antique Armour Boutique.
 20619 | Orc:2    | Found Dog Ojuj's Jewellery Boutique.
 20785 | Orc:2    | Found a staircase to the Elven Halls.
 21040 | Orc:2    | Found Netoulim's Antique Weapon Boutique.
 21140 | Orc:1    | Reached skill level 16 in Maces & Flails
 21166 | Orc:1    | Noticed Snorg
 21178 | Orc:1    | Killed Snorg
 21899 | D:13     | Reached ****** piety under Hepliaklqana
 22706 | D:14     | Found Farhes Jeacw's Specific Store.
 22707 | D:14     | Found Ogrer's General Store.
 22742 | D:14     | Found a frozen archway.
 22823 | IceCv    | Entered an ice cave
 22862 | D:14     | You fall into a shaft and drop 1 floor!
 22862 | D:15     | Entered Level 15 of the Dungeon
 22950 | D:15     | Noticed a thorn hunter
 23051 | D:15     | Killed a thorn hunter
 23458 | D:15     | Reached skill level 10 in Fighting
 23613 | D:15     | Found the +2 robe of Vines {NoPotionHeal Regen+++}
 23920 | D:15     | Reached skill level 5 in Evocations
 23966 | D:15     | Found a staircase to the Depths.
 23966 | D:15     | Noticed a fire giant
 23976 | D:15     | Killed a fire giant
 24049 | D:14     | Found a gate to the Vaults.
 24049 | D:14     | Noticed Nessos
 24108 | D:14     | Bought a potion of haste for 110 gold pieces
 24179 | D:14     | Killed Nessos
 24575 | D:14     | Reached XP level 16. HP: 143/143 MP: 21/21
 24936 | D:5      | Bought a ring of flight for 227 gold pieces
 25090 | Swamp:1  | Entered Level 1 of the Swamp
 25333 | Swamp:1  | Identified Roxanne's Volume of Transmutation
 25333 | Swamp:1  | Noticed Roxanne
 27604 | Swamp:4  | Entered Level 4 of the Swamp
 27816 | Snake:1  | Entered Level 1 of the Snake Pit
 28341 | Snake:1  | Found Lutijy's Antique Armour Shoppe.
 28859 | Snake:2  | Reached XP level 17. HP: 82/154 MP: 9/22
 29092 | Snake:2  | Noticed Vashnia
 29666 | Snake:2  | Identified the +1 long sword of Courage {vorpal, Int+3}
 29918 | Snake:2  | Killed Vashnia
 30722 | Snake:3  | Found Gabrukie's Jewellery Emporium.
 30722 | Snake:3  | Found Qixtit's Book Shop.
 30723 | Snake:3  | Found Docoamo's Jewellery Emporium.
 31017 | Snake:4  | Entered Level 4 of the Snake Pit
 31428 | Snake:4  | Reached skill level 10 in Invocations
 31556 | Snake:4  | Found Seumam's Book Shop.
 32338 | Snake:4  | Got a serpentine rune of Zot
 32709 | Swamp:4  | Reached XP level 18. HP: 133/166 MP: 14/25
 33138 | Swamp:4  | Got a decaying rune of Zot
 33653 | Vaults:1 | Entered Level 1 of the Vaults
 33913 | Vaults:1 | Found a crumbling gateway.
 33935 | Desolati | Entered the Desolation of Salt
 34095 | Desolati | Got the Reference Book on Venomous Weightlessness
 34155 | Desolati | Identified the +1 robe of Giara {rC+ Will+}
 34221 | Desolati | Identified the ring of Haureske {Fly rC++ Str+6}
 34294 | Desolati | Got the Incunabulum of Frigorific Clay
 34412 | Desolati | HP: 4/142 [servant of whispers/bolt of lightning[a halazid
                  | warlock] (23)]
 34413 | Desolati | Slain by a saltling

Illustrated notes

Levels and vault maps discovered:
D:1:      sevenhm_arrival_forest_fort_small_4, layout_basic
D:2:      layout_rooms
D:3:      layout_basic, lemuel_round_altar
D:4:      kennysheep_goblin_castle, layout_rooms, okawaru_altar_gauntlet_db,
          temple_hall, chequers_serial_rivers_marsh
D:5:      layout_loops_ring, brannock_xom_greatest_gift, serial_shops,
          nicolae_shop_stone, kennysheep_mini_moat, kennysheep_little_box, shop,
          kennysheep_doodads, uniq_sigmund
D:6:      layout_basic, overflow_temple_1_default, serial_bayou_ford_a,
          minmay_misc_feat_alley
D:7:      layout_basic, mainiacjoe_overflow_six_doors_small, minivault_14
D:8:      layout_loops_ring, amethyst_overflow_temple_binary,
          nemelex_spade_bored_becter, general_overflow_altar, tgw_kikubaaqudgha,
          dpeg_oklobed_lair, uniq_erica, uniq_harold
D:9:      layout_irregular_city, minivault_1
D:10:     layout_roguey, orc_0_dummy, serial_bayou_pond_c, uniq_josephine,
          uniq_sonja
D:11:     layout_irregular_city, serial_shops, nicolae_diamond_shop,
          gammafunk_ghost_arena, nicolae_shop_firing_range, uniq_urug
D:12:     layout_roguey, serial_shops, shop, kennysheep_diamond
D:13:     cheibrodos_fzero, layout_layer_cave, ashenzari_altar_1
D:14:     layout_roguey, david_vaults_3, infiniplex_staircase_trident,
          portal_ice_cave_entry_ice_simulacra, nicolae_specific_store
D:15:     grunt_enter_depths_giant_problem, layout_basic, nrook_uturn,
          hellmonk_guarded_unrand_vines
Temple:   nicolae_temple_hex_pool
Lair:1:   layout_chaotic_city, nicolae_quartered_pool_medium, uniq_joseph
Lair:2:   layout_long_grid, grunt_megastairs_3
Lair:3:   layout_cave_pods, gauntlet_entry_generic, gammafunk_ghost_arena,
          chequers_serial_rivers_micro_a, lemuel_fruit_tree,
          serial_bayou_shore_b
Lair:4:   layout_layer_cave, swamp_mist, minmay_snake_entry_guardpost_medium
Lair:5:   layout_small_grid, minmay_slime_entry_jelly_boxes,
          infiniplex_staircase_pool_2
Lair:6:   minmay_lair_end_enchanted_forest, layout_loops_ring,
          lemuel_centaur_altar, grunt_megastairs_4
Swamp:1:  layout_basic_swamp, hangedman_swamp_pad, infiniplex_staircase_pool,
          uniq_roxanne
Swamp:2:  layout_basic_swamp, evilmike_swamp_ruin_rubble_1, swamp_pool1,
          st_swamp_ruins_1
Swamp:3:  layout_falls_marsh, serial_swamp_ruin, evilmike_swamp_ruin_house_4,
          evilmike_swamp_ruin_house_6, swamp_pool4
Swamp:4:  swamp, layout_basic_swamp
Snake:1:  layout_basic, serial_shops, nicolae_shop_waterfront
Snake:2:  layout_onion, grunt_ministairs_1, hangedman_venom_bottle, uniq_vashnia
Snake:3:  layout_rooms, grunt_ministairs_6, serial_bayou_shore_a,
          minmay_shop_grove
Snake:4:  grunt_snake_rune_serpentine_throne, layout_layer_cave, serial_shops,
          nicolae_shop_statue_plus
Orc:1:    layout_caves, nicolae_shop_overcharged_wands, uniq_nergalle,
          uniq_snorg
Orc:2:    st_orc_mages, layout_caves, basic_altar, serial_shops, shop
Vaults:1: hangedman_vaults_maws, vaults_mumra_chevron, v_misc_13,
          ontoclasm_vaults_loading_screen, grunt_vaults_swirl,
          nicolae_vaults_circle_grid_b, hangedman_vaults_pinch,
          vaults_room_door_ring, nicolae_vaults_alarming,
          layout_vaults_omnigrid, portal_desolation_entry_salt,
          mu_enter_wizlab_6
Desolation

Skill      XL: |  1  2  3  4  5  6  7  8  9 10 11 12 13 14 15 16 17 18 |
---------------+-------------------------------------------------------+-----
Dodging        | 2 3 4 5 6 8 10 11 13 14 | 14.3
Maces & Flails | 7 11 12 14 15 16 | 16.0
Fighting       | 4 6 8 9 10 12 13 | 13.0
Shields        | 4 6 8 9 |  9.0
Invocations    | 2 4 5 8 9 10 12 | 12.4
Evocations     | 2 5 7 |  7.0
Stealth        | |  1.0
Spellcasting   | |  1.2
Conjurations   | |  0.6
Fire Magic     | |  2.1

Action                   |  1- 3 |  4- 6 |  7- 9 | 10-12 | 13-15 | 16-18 || total
-------------------------+-------+-------+-------+-------+-------+-------++-------
Melee: Unarmed           |   148 |   321 |   328 |     2 |       |       ||   799
       Flail             |     6 |       |       |       |       |       ||     6
       Whip              |       |       |   171 |   681 |       |       ||   852
       Morningstar       |       |       |       |   122 |  1298 |  1140 ||  2560
Throw: Throwing net      |       |       |       |     1 |       |       ||     1
       Dart              |       |       |       |    13 |       |       ||    13
Invok: Recall Ancestor   |       |       |       |     2 |     1 |     7 ||    10
       Ancestor Life: Ba |       |       |       |     1 |       |       ||     1
       Idealise          |       |       |       |       |       |    10 ||    10
       Transference      |       |       |       |       |       |     4 ||     4
Evoke: Wand              |       |       |     5 |    20 |    28 |    19 ||    72
       Phial of floods   |       |       |       |       |     2 |     2 ||     4
  Use: Scroll            |       |    13 |     6 |     7 |    11 |    11 ||    48
       Potion            |       |       |     4 |     5 |       |     3 ||    12
 Stab: Sleeping          |     3 |     1 |     1 |     1 |     3 |     3 ||    12
       Invisible         |       |       |     4 |       |       |       ||     4
       Distracted        |       |       |     1 |     4 |    15 |    14 ||    34
       Paralysed         |       |       |       |    15 |       |       ||    15
       Petrifying        |       |       |       |       |     1 |       ||     1
Armor: Robe              |    47 |   137 |   163 |   176 |   366 |   188 ||  1077
       Skin              |       |       |       |   142 |       |       ||   142
Dodge: Dodged            |    79 |   245 |   381 |   383 |   594 |   529 ||  2211
Block: Kite shield       |       |       |       |   215 |   823 |   721 ||  1759
